[ AOE2 MATCH · #505246586 ]
UnrankedBengalis vs Mongols
Player's team · LOSS
Rival team · WIN
[ REPLAY ANALYSIS · EXTRACTED FROM THE RECORDED GAME ]
Feudal
10:38
Castle
14:44
Imperial
—
| APM avg | 34.5 |
| APM peak | 67 |
| eAPM avg | 14.8 |
| Villagers / military | 31 / 22 |
Focus
⚔️ 40.7% · 🌾 59.3%
Ratha (Ranged) ×19 · Mangonel ×3
Feudal
9:23
Castle
23:35
Imperial
—
| APM avg | 73.5 |
| APM peak | 151 |
| eAPM avg | 25.7 |
| Villagers / military | 73 / 39 |
Focus
⚔️ 32.4% · 🌾 67.6%
Archer ×36 · Scout Cavalry ×2 · Spearman ×1
Match map
Initial resources + every placement click. Lines = walls · curves = elevation contours. ◆ gold · ⬟ stone · ● berries · ✦ relic · ◌ wall gap
Your base· Open — unwalled flank
wunderlich84's base· Open — unwalled flank
Smoothed initial terrain · ◌ = detected wall gap · hover for details
Inputs per minute
— Schlumpf - - wunderlich84
Build order — Schlumpf
79 actions detected in the replay
| 0:02 | Queue | Villager (Male) |
| 0:02 | Queue | Villager (Male) |
| 0:03 | Build | House |
| 0:04 | Build | House |
| 0:21 | Queue | Villager (Male) |
| 0:21 | Queue | Villager (Male) |
| 1:28 | Queue | Villager (Male) |
| 2:02 | Queue | Villager (Male) |
| 2:05 | Build | Lumber Camp |
| 2:27 | Queue | Villager (Male) |
| 2:27 | Queue | Villager (Male) |
| 2:50 | Queue | Villager (Male) |
| 3:22 | Queue | Villager (Male) |
| 3:52 | Queue | Villager (Male) |
| 3:53 | Queue | Villager (Male) |
| 4:24 | Queue | Villager (Male) |
| 4:25 | Queue | Villager (Male) |
| 4:42 | Queue | Villager (Male) |
| 4:49 | Build | House |
| 5:29 | Queue | Villager (Male) |
| 5:29 | Queue | Villager (Male) |
| 5:31 | Queue | Villager (Male) |
| 5:31 | Queue | Villager (Male) |
| 6:08 | Queue | Villager (Male) |
| 6:08 | Queue | Villager (Male) |
| 6:17 | Build | Mill |
| 6:58 | Research | Loom |
| 7:27 | Build | Mining Camp |
| 7:53 | Research | Feudal Age |
| 8:30 | Build | House |
| 8:52 | Queue | Villager (Male) |
| 8:52 | Queue | Villager (Male) |
| 9:40 | Build | Mining Camp |
| 10:21 | Build | Palisade Wall |
| 10:26 | Build | Palisade Wall |
| 10:32 | Build | Palisade Wall |
| 10:38 | Age | Feudal Age |
| 10:50 | Build | Market |
| 11:10 | Build | Blacksmith |
| 12:04 | Research | Castle Age |
| 12:44 | Build | Watch Tower |
| 14:44 | Age | Castle Age |
| 15:44 | Build | Castle |
| 17:02 | Queue | Villager (Male) |
| 17:02 | Queue | Villager (Male) |
| 17:34 | Build | House |
| 18:01 | Queue | Ratha (Ranged) |
| 18:30 | Queue | Ratha (Ranged) |
| 18:30 | Queue | Ratha (Ranged) |
| 18:50 | Queue | Ratha (Ranged) |
| 18:53 | Queue | Villager (Male) |
| 19:20 | Build | Siege Workshop |
| 19:22 | Queue | Ratha (Ranged) |
| 19:38 | Queue | Villager (Male) |
| 20:32 | Queue | Mangonel |
| 20:56 | Queue | Villager (Male) |
| 20:57 | Queue | Ratha (Ranged) |
| 21:06 | Build | Mining Camp |
| 21:11 | Queue | Ratha (Ranged) |
| 21:58 | Queue | Villager (Male) |
| 22:16 | Queue | Mangonel |
| 23:55 | Queue | Villager (Male) |
| 24:38 | Queue | Ratha (Ranged) |
| 25:04 | Queue | Ratha (Ranged) |
| 25:09 | Queue | Ratha (Ranged) |
| 25:57 | Build | Mining Camp |
| 26:16 | Queue | Ratha (Ranged) |
| 26:16 | Queue | Ratha (Ranged) |
| 26:22 | Research | Fletching |
| 26:38 | Queue | Ratha (Ranged) |
| 26:39 | Queue | Ratha (Ranged) |
| 27:04 | Queue | Ratha (Ranged) |
| 28:17 | Queue | Villager (Male) |
| 28:31 | Queue | Ratha (Ranged) |
| 28:32 | Queue | Ratha (Ranged) |
| 28:56 | Queue | Ratha (Ranged) |
| 29:19 | Build | Castle |
| 29:31 | Queue | Mangonel |
| 30:03 | Queue | Ratha (Ranged) |
Build order — wunderlich84
First 150 of 179 actions detected
| 0:00 | Queue | Villager (Male) |
| 0:01 | Queue | Villager (Male) |
| 0:02 | Build | House |
| 0:02 | Build | House |
| 0:08 | Queue | Villager (Male) |
| 0:12 | Queue | Villager (Male) |
| 1:31 | Queue | Villager (Male) |
| 1:43 | Build | Lumber Camp |
| 2:01 | Queue | Villager (Male) |
| 2:27 | Queue | Villager (Male) |
| 2:49 | Queue | Villager (Male) |
| 3:12 | Queue | Villager (Male) |
| 3:42 | Queue | Villager (Male) |
| 3:45 | Queue | Villager (Male) |
| 4:04 | Queue | Villager (Male) |
| 4:19 | Queue | Villager (Male) |
| 4:24 | Queue | Villager (Male) |
| 4:35 | Queue | Villager (Male) |
| 5:04 | Queue | Villager (Male) |
| 5:06 | Queue | Villager (Male) |
| 5:28 | Queue | Villager (Male) |
| 5:38 | Build | House |
| 6:00 | Research | Loom |
| 6:20 | Build | Mining Camp |
| 6:41 | Queue | Villager (Male) |
| 7:12 | Build | Barracks |
| 7:13 | Research | Feudal Age |
| 7:34 | Build | Lumber Camp |
| 8:03 | Queue | Villager (Male) |
| 8:10 | Queue | Villager (Male) |
| 9:16 | Queue | Villager (Male) |
| 9:23 | Age | Feudal Age |
| 9:24 | Build | Archery Range |
| 9:26 | Build | Archery Range |
| 9:26 | Queue | Villager (Male) |
| 9:32 | Build | Blacksmith |
| 9:37 | Queue | Villager (Male) |
| 9:51 | Queue | Villager (Male) |
| 9:53 | Build | Mill |
| 10:03 | Queue | Villager (Male) |
| 10:16 | Queue | Archer |
| 10:16 | Queue | Archer |
| 10:16 | Queue | Archer |
| 10:17 | Queue | Villager (Male) |
| 10:19 | Queue | Archer |
| 10:19 | Queue | Archer |
| 10:22 | Build | House |
| 10:29 | Queue | Villager (Male) |
| 10:37 | Build | House |
| 10:45 | Research | Fletching |
| 10:47 | Queue | Archer |
| 10:47 | Queue | Villager (Male) |
| 11:04 | Queue | Archer |
| 11:18 | Build | Watch Tower |
| 11:30 | Queue | Archer |
| 11:32 | Queue | Villager (Male) |
| 11:39 | Build | Watch Tower |
| 11:47 | Build | House |
| 11:53 | Queue | Archer |
| 12:01 | Build | House |
| 12:08 | Queue | Villager (Male) |
| 12:26 | Queue | Archer |
| 12:26 | Queue | Archer |
| 12:28 | Build | House |
| 13:00 | Queue | Archer |
| 13:00 | Queue | Villager (Male) |
| 13:11 | Build | Mining Camp |
| 13:15 | Queue | Archer |
| 13:38 | Queue | Villager (Male) |
| 13:51 | Queue | Archer |
| 14:15 | Queue | Archer |
| 14:15 | Queue | Archer |
| 14:20 | Queue | Villager (Male) |
| 14:21 | Queue | Villager (Male) |
| 14:37 | Build | Mining Camp |
| 14:45 | Queue | Archer |
| 14:47 | Build | House |
| 14:48 | Build | House |
| 14:52 | Build | Farm |
| 14:57 | Queue | Villager (Male) |
| 14:57 | Queue | Archer |
| 15:34 | Queue | Villager (Male) |
| 15:35 | Build | Farm |
| 15:41 | Queue | Villager (Male) |
| 16:00 | Queue | Villager (Male) |
| 16:02 | Build | Market |
| 16:47 | Queue | Archer |
| 17:24 | Queue | Archer |
| 17:24 | Queue | Archer |
| 17:29 | Queue | Villager (Male) |
| 17:46 | Build | Watch Tower |
| 17:49 | Queue | Archer |
| 17:50 | Queue | Villager (Male) |
| 17:51 | Build | Farm |
| 17:53 | Build | Farm |
| 17:56 | Queue | Archer |
| 18:01 | Build | Lumber Camp |
| 18:15 | Queue | Archer |
| 18:20 | Queue | Archer |
| 18:20 | Queue | Villager (Male) |
| 18:23 | Build | Farm |
| 18:34 | Queue | Villager (Male) |
| 18:54 | Build | Farm |
| 18:54 | Build | Farm |
| 19:11 | Queue | Archer |
| 19:11 | Queue | Archer |
| 19:13 | Queue | Villager (Male) |
| 19:29 | Queue | Archer |
| 19:29 | Queue | Villager (Male) |
| 19:40 | Build | House |
| 19:47 | Queue | Villager (Male) |
| 19:54 | Queue | Archer |
| 19:57 | Build | House |
| 20:00 | Build | Farm |
| 20:21 | Build | Watch Tower |
| 20:55 | Research | Castle Age |
| 20:55 | Research | Castle Age |
| 21:18 | Queue | Archer |
| 21:18 | Queue | Archer |
| 21:38 | Queue | Villager (Male) |
| 21:47 | Build | Stable |
| 21:55 | Queue | Villager (Male) |
| 22:03 | Queue | Archer |
| 22:07 | Queue | Archer |
| 22:07 | Queue | Archer |
| 22:10 | Queue | Villager (Male) |
| 22:43 | Queue | Scout Cavalry |
| 22:44 | Queue | Scout Cavalry |
| 22:46 | Build | Mining Camp |
| 22:47 | Queue | Archer |
| 22:48 | Queue | Archer |
| 22:58 | Queue | Spearman |
| 23:12 | Build | House |
| 23:15 | Build | House |
| 23:33 | Build | House |
| 23:35 | Age | Castle Age |
| 23:42 | Queue | Villager (Male) |
| 23:48 | Queue | Villager (Male) |
| 23:55 | Research | Bodkin Arrow |
| 23:55 | Queue | Villager (Male) |
| 23:58 | Build | Town Center |
| 24:20 | Queue | Villager (Male) |
| 24:33 | Research | Crossbowman (upgrade) |
| 24:33 | Research | Crossbowman (upgrade) |
| 24:34 | Queue | Villager (Male) |
| 24:44 | Build | Farm |
| 24:54 | Queue | Villager (Male) |
| 25:22 | Queue | Villager (Male) |
| 25:29 | Build | Town Center |
| 25:33 | Build | Farm |
Match timeline
| 7:12 | wunderlich84 · first_building Barracks |
| 9:23 | wunderlich84 · age_up feudal |
| 9:24 | wunderlich84 · first_building Archery Range |
| 10:21 | Schlumpf · wall_segment Palisade Wall x1 |
| 10:26 | Schlumpf · wall_segment Palisade Wall x1 |
| 10:32 | Schlumpf · wall_segment Palisade Wall x1 |
| 10:38 | Schlumpf · age_up feudal |
| 11:55 | Schlumpf · first_market_sell 100 wood |
| 11:57 | Schlumpf · first_market_buy 100 food |
| 14:44 | Schlumpf · age_up castle |
| 15:44 | Schlumpf · first_building Castle |
| 17:32 | wunderlich84 · first_market_sell 100 wood |
| 18:51 | wunderlich84 · first_market_buy 100 food |
| 19:20 | Schlumpf · first_building Siege Workshop |
| 21:47 | wunderlich84 · first_building Stable |
| 23:35 | wunderlich84 · age_up castle |
| 29:33 | wunderlich84 · first_building Castle |
| 30:26 | Schlumpf · resign |
[ AI ANALYSIS · 1 CREDIT ]
What really happened in this match?
Wolo.gg analyzes every decision: build order, eco, micro, common mistakes by bracket. Personalized analysis on WhatsApp or Discord in 30 seconds.
Civ guide
Bengalis
Perfil
Jugador #721773